 Dungeon Crawl Stone Soup version 0.31.0-9-g3a7656b989 (webtiles) character file.

Game seed: 9382443408667413665

129 qw the Ducker (level 4, -5/23 HPs)
             Began as a Spriggan Hunter on Feb 2, 2024.
             Was an Initiate of Okawaru.
             Slain by a gnoll
             ... wielding a +0 spear
             ... led by a gnoll bouda
              (7 damage)
             ... on level 4 of the Dungeon.
             The game lasted 00:00:10 (2379 turns).

qw the Ducker (Spriggan Hunter)                     Turns: 2379, Time: 00:00:11

Health: -5/23      AC:  2    Str:  7    XL:     4   Next: 88%
Magic:  5/5        EV: 20    Int: 10    God:    Okawaru [......]
Gold:   120        SH:  0    Dex: 20    Spells: 3/3 levels left

rFire   . . .        a - +1 shortbow
rCold   . . .        (shield currently unavailable)
rNeg    . . .        c - +0 robe
rPois   +            (helmet restricted)
rElec   .            (no cloak)
rCorr   .            (gloves unavailable)
SInv    +            (boots unavailable)
Will    .....        (no amulet)
Stlth   ++           k - ring of poison resistance
HPRegen 0.23/turn    (no ring)
MPRegen 0.09/turn

%: no passive effects
@: very quick
A: very small, no large weapons, unfitting armour, see invisible, speed 3
a: Renounce Religion


You were on level 4 of the Dungeon.
You worshipped Okawaru.
Okawaru was noncommittal.
You visited 1 branch of the dungeon, and saw 4 of its levels.

You collected 198 gold pieces.
You spent 78 gold pieces at shops.


Innate Abilities, Weirdness & Mutations

You are very small and have problems with some larger weapons.
You are too small for most types of armour.
You have supernaturally acute eyesight. (SInv)
You cover ground extremely quickly. (Speed+++)


   Skills:
 - Level 2.0 Fighting
 + Level 5.0 Ranged Weapons
 - Level 5.2 Dodging
 - Level 1.5 Stealth


You had 3 spell levels left.
You didn't know any spells.
Your spell library was empty.

Inventory:

Hand Weapons
 a - a +1 shortbow (weapon)
Armour
 c - a +0 robe (worn)
Jewellery
 k - a ring of poison resistance (left hand)
Potions
 b - a potion of haste
 d - a potion of cancellation
 f - 4 potions of curing
 g - a potion of brilliance {unknown}
 h - a potion of mutation {unknown}
 j - a potion of attraction {unknown}

Dungeon Overview and Level Annotations

Branches:
Dungeon (4/15)
 Temple: D:4-7

Altars:
Okawaru
Ru

Shops:
D:2 !

Annotations:
D:1 exclusion: dart slug


Message History

2370 ||| RETREEEEATING.
You shoot an arrow.
The arrow hits the orc but does no damage.
The orc is heavily wounded.
The gnoll completely misses you.
You shoot an arrow. The arrow hits the gnoll!
The gnoll is heavily wounded.
You hear a shout!
The gnoll barely misses you.
You shoot an arrow. The arrow closely misses the gnoll.
The arrow barely misses the orc.
The gnoll misses you.
You shoot an arrow. The arrow barely misses the gnoll.
The arrow hits the orc!
You kill the orc!
Okawaru accepts your kill. The gnoll hits you with a +0 club.
You shoot an arrow. The arrow hits the gnoll.
The gnoll is severely wounded.
The gnoll barely misses you.
The gnoll bouda barks out a call to the hunt!
The gnoll picks up the pace!
You shoot an arrow. The arrow barely misses the gnoll.
The arrow closely misses the gnoll bouda.
The gnoll barely misses you.
The gnoll hits you from afar with a +0 spear.
You shoot an arrow. The arrow hits the gnoll.
You kill the gnoll!
Okawaru accepts your kill. The gnoll completely misses you.
Your Fighting skill increases to level 2!
You shoot an arrow.
The arrow hits the gnoll bouda but does no damage.
The gnoll barely misses you.
The gnoll bouda barks out a call to the hunt!
You shoot an arrow. The arrow hits the gnoll bouda!
The gnoll bouda is heavily wounded.
The gnoll barely misses you. The gnoll bouda misses you.
The gnoll bouda hits you with a +0 whip!
The gnoll hits you from afar with a +0 spear!
You die...

..#.. #.#.# .#
#.#.### .# #
#.....# .#.#
#...#.#####
g#.
#.........# g.
##..#.###.# .#
#.##.#
#.#######g#[#
#.##.#
#....>.@g)..#
###.##.#
###.#######.#
....##.# #)#
###.##.#####.#
#.##.......#
#.##########
#.# #.# #..


You could see a gnoll bouda and a gnoll (swift).

Vanquished Creatures
  A bombardier beetle (D:3)
  A gnoll (D:4)
  4 dart slugs
  A ribbon worm (D:3)
  6 orcs
  7 ball pythons
  7 endoplasms
  4 giant cockroaches (D:1)
  7 goblins
  5 hobgoblins
  3 quokkas
  2 bats
  6 frilled lizards
  7 kobolds
  2 rats (D:1)
63 creatures vanquished.

Notes
Turn   | Place    | Note
-------+----------+-------------------------------------------
     0 | D:1      | qw the Spriggan Hunter began the quest for the Orb.
     0 | D:1      | Reached XP level 1. HP: 10/10 MP: 2/2
     0 | D:1      | 0 ||| qw: Version: 0.3-a-155-g5e7d8dd
     0 | D:1      | 0 ||| qw: Game counter: 1362
     0 | D:1      | 0 ||| qw: Melee chars always use a shield: true
     0 | D:1      | 0 ||| qw: God list: Okawaru
     0 | D:1      | 0 ||| qw: Allow faded altars: false
     0 | D:1      | 0 ||| qw: Do Orc after clearing Dungeon:15 true
     0 | D:1      | 0 ||| qw: Do second Lair branch before Depths: true
     0 | D:1      | 0 ||| qw: Lair rune preference: random
     0 | D:1      | 0 ||| qw: Goals: Normal
     0 | D:1      | 0 ||| PLANNING D:1-11
   130 | D:1      | 130 ||| DROPPING scroll of butterflies.
   257 | D:2      | Reached skill level 3 in Dodging
   314 | D:2      | Reached XP level 2. HP: 8/14 MP: 3/3
   403 | D:2      | 403 ||| DRINKING 2 viscous silvery potions.
   615 | D:1      | Reached XP level 3. HP: 18/18 MP: 4/4
  1155 | D:1      | 1155 ||| UPGRADING to ring of poison resistance.
  1156 | D:1      | 1156 ||| READING scroll labelled GUED KEIQA.
  1156 | D:1      | 1156 ||| ENCHANTING +0 shortbow.
  1157 | D:1      | 1157 ||| READING scroll labelled BAFODW WUERPH.
  1158 | D:1      | 1158 ||| DRINKING 2 fizzy purple potions.
  1213 | D:1      | 1213 ||| DROPPING potion of lignification.
  1489 | D:2      | Found Kigaz's Distillery.
  1492 | D:2      | 1492 ||| SHOPLISTING 2 potions of enlightenment (130 gold,
                  | have 118).
  1492 | D:2      | 1492 ||| SHOPLISTING 2 potions of heal wounds (130 gold,
                  | have 118).
  1492 | D:2      | 1492 ||| BUYING potion of curing (39 gold).
  1492 | D:2      | Bought a potion of curing for 39 gold pieces
  1492 | D:2      | 1492 ||| BUYING potion of curing (39 gold).
  1492 | D:2      | Bought a potion of curing for 39 gold pieces
  1492 | D:2      | 1492 ||| SHOPLISTING potion of haste (130 gold, have 40).
  1606 | D:3      | Found a faded altar of an unknown god.
  1724 | D:3      | Reached XP level 4. HP: 17/22 MP: 5/5
  1745 | D:3      | Found an iron altar of Okawaru.
  1746 | D:3      | 1746 ||| PLANNING OKAWARU WORSHIP
  1746 | D:3      | 1746 ||| READING scroll labelled HINAPH MUGREDU.
  1751 | D:3      | 1751 ||| READING scroll labelled AMERIE USOU.
  1751 | D:3      | 1751 ||| IDENTIFYING white potion
  1760 | D:3      | Became a worshipper of Warmaster Okawaru
  1761 | D:3      | 1761 ||| PLANNING D:1-11
  2164 | D:3      | Found a sacrificial altar of Ru.
  2249 | D:3      | 2249 ||| READING scroll of identify.
  2249 | D:3      | 2249 ||| IDENTIFYING coppery potion
  2250 | D:3      | 2250 ||| DROPPING potion of berserk rage.
  2370 | D:4      | 2370 ||| RETREEEEATING.
  2379 | D:4      | HP: 2/23 [gnoll bouda/+0 whip (11)]
  2379 | D:4      | Slain by a gnoll

Levels and vault maps discovered:
D:1:      lightli_arrival_farm, layout_basic, serial_corexii_hall,
          corexii_hall_statues_u, corexii_hall_statues_s,
          corexii_hall_statues_s, corexii_hall_statues_x,
          corexii_hall_statues_x, corexii_hall_statues_deadend,
          serial_bayou_lagoon_a
D:2:      layout_basic, serial_shops, nicolae_shop_tiny_real_fake_doors
D:3:      layout_basic, okawaru_altar_gauntlet_db, mainiacjoe_overflow_alcove_4,
          ebering_ecumenical_altar_mist
D:4:      kennysheep_slugbush, layout_loops_ring,
          minmay_temple_entry_sparse_star

Skill      XL: |  1  2  3  4 |
---------------+-------------+-----
Dodging        | 3 4 5 |  5.2
Ranged Weapons | 5 |  5.0
Fighting       | 2 |  2.0
Stealth        | |  1.5

Action                     |  1- 3 |  4- 6 || total
---------------------------+-------+-------++-------
   Fire: Shortbow          |   112 |    48 ||   160
    Use: Potion            |     2 |       ||     2
         Scroll            |     2 |     3 ||     5
 Armour: Robe              |     7 |     5 ||    12
  Dodge: Dodged            |    13 |    19 ||    32

Table legend:
 A = Non-vault XP
 B = Vault XP
 C = Vault XP percentage of total XP
 D = Non-vault monster count
 E = Vault monster count
 F = Vault count percentage of total count
                 A         B        C        D         E       F
            +---------+---------+-------+---------+---------+-------
      Total |     171 |      14 |   7.6 |      57 |       6 |   9.5
            +---------+---------+-------+---------+---------+-------
        D:1 |      42 |       0 |   0.0 |      22 |       0 |   0.0
        D:2 |      35 |       0 |   0.0 |      20 |       0 |   0.0
        D:3 |      68 |      14 |  17.1 |      10 |       6 |  37.5
        D:4 |      26 |       0 |   0.0 |       5 |       0 |   0.0
            +---------+---------+-------+---------+---------+-------
